 Dungeon Crawl Stone Soup version 0.27-a0-1081-ge8a0a9c698 (webtiles) character file.

Game seed: 17920140437341294612

34777 cobaltphoenix the Brawler (level 13, -3/124 HPs)
             Began as a Troll Fighter on Apr 25, 2021.
             Was an Initiate of Uskayaw.
             Slain by an eight-headed hydra (10 damage)
             ... on level 6 of the Lair of Beasts on Apr 26, 2021.
             The game lasted 01:26:05 (14392 turns).

cobaltphoenix the Brawler (Troll Fighter)          Turns: 14392, Time: 01:26:06

Health: -3/124     AC: 12    Str: 27    XL:     13   Next: 44%
Magic:  6/20       EV: 10    Int:  5    God:    Uskayaw [......]
Gold:   1514       SH: 11    Dex: 12    Spells: 12/12 levels left

rFire    + . .     SeeInvis .   G - +4 dagger (speed)
rCold    . . .     Faith    +   b - +0 kite shield
rNeg     . . .     Spirit   .   A - +0 steam dragon scales
rPois    +         Reflect  .   r - +0 hat of Imicun {Contam Fly rElec rPois}
rElec    +         Harm     .   f - +0 cloak
rCorr    .         Rampage  .   (gloves unavailable)
Will     .....                  (boots unavailable)
Stlth    +.........             v - amulet of faith {Faith, !P}
HPRegen  1.30/turn              l - +4 ring of protection
MPRegen  0.17/turn              q - ring of protection from fire {rF+, !d}

@: flying
A: large, unfitting armour, claws 3, regeneration 1, shaggy fur 1, tough skin 1
a: Renounce Religion


You were on level 6 of the Lair of Beasts.
You worshipped Uskayaw.
Uskayaw was aware of your devotion.
You visited 3 branches of the dungeon, and saw 18 of its levels.

You collected 1514 gold pieces.


Innate Abilities, Weirdness & Mutations

You are too large for most types of armour.
You have claws for hands.
Your natural rate of healing is unusually fast.
You are covered in fur. (AC +1)
You have tough skin. (AC +1)


   Skills:
 + Level 7.4 Fighting
 - Level 2.4 Dodging
 - Level 9.0 Shields
 + Level 15.0 Unarmed Combat
 * Level 10.7 Invocations


You had 12 spell levels left.
You didn't know any spells.
Your spell library contained the following spells:

 Spells                   Type           Power      Damage    Failure   Level
 Animate Skeleton         Necr           0%         N/A       47%         1
 Apportation              Tloc           0%         N/A       47%         1
 Beastly Appendage        Tmut           0%         N/A       47%         1
 Corona                   Hex            0%         N/A       47%         1
 Sandblast                Erth           0%         2d4       47%         1
 Summon Small Mammal      Summ           0%         N/A       47%         1
 Wereblood                Tmut           0%         N/A       63%         2
 Lesser Beckoning         Tloc           0%         N/A       85%         3
 Spider Form              Tmut/Pois      0%         N/A       85%         3
 Tukima's Dance           Hex            0%         N/A       85%         3
 Vampiric Draining        Necr           0%         2d6       85%         3
 Cause Fear               Hex            0%         N/A       99%         4
 Ice Form                 Ice/Tmut       0%         N/A       99%         4
 Alistair's Intoxication  Tmut/Pois      0%         N/A       100%        5
 Hydra Form               Tmut           0%         N/A       100%        5
 Irradiate                Conj/Tmut      0%         3d14      100%        5
 Silence                  Hex/Air        0%         N/A       100%        5
 Yara's Violent Unravell  Hex/Tmut       0%         3d3       100%        5
 Blade Hands              Tmut           0%         N/A       100%        6
 Invisibility             Hex            0%         N/A       100%        6
 Iron Shot                Conj/Erth      0%         9d1       100%        6
 Statue Form              Tmut/Erth      0%         N/A       100%        6
 Dragon Form              Tmut           0%         N/A       100%        7
 Discord                  Hex            0%         N/A       100%        8

Inventory:

Hand Weapons
 G - a +4 dagger of speed (weapon)
   (You took it off Dowan on level 5 of the Dungeon)
Missiles
 e - a curare-tipped dart
 x - 11 boomerangs (quivered)
 y - 4 atropa-tipped darts
Armour
 b - a +0 kite shield (worn)
 f - a +0 cloak (worn)
   (You found it on level 1 of the Dungeon)
 r - the +0 hat of Imicun (worn) {Contam Fly rElec rPois}
   (You acquired it on level 9 of the Dungeon)

   It insulates you from electricity.
   It protects you from poison.
   It grants you flight.
   It causes magical contamination when unequipped.
 A - +0 steam dragon scales (worn)
   (You found it on level 8 of the Dungeon)
 H - a +2 cloak
   (You found it on level 5 of the Lair of Beasts)
Jewellery
 g - a ring of protection from fire {rF+, !d}
   (You found it on level 4 of the Lair of Beasts)
 l - a +4 ring of protection (left claw)
   (You found it on level 2 of the Dungeon)
 q - a ring of protection from fire (right claw) {rF+, !d}
   (You found it on level 5 of the Dungeon)
 v - an amulet of faith (around neck) {Faith, !P}
   (You found it on level 10 of the Dungeon)
 z - a ring of see invisible {sInv, !d}
   (You found it on level 5 of the Lair of Beasts)
 I - a ring of protection from cold {rC+, !d}
   (You found it on level 5 of the Lair of Beasts)
Wands
 n - a wand of iceblast (29)
   (You found it on level 3 of the Dungeon)
 p - a wand of mindburst (12)
   (You found it on level 10 of the Dungeon)
Scrolls
 k - 4 scrolls of silence
 m - 5 scrolls of teleportation
 s - a scroll of holy word {!r}
 w - a scroll of identify
 C - a scroll of enchant armour
 E - a scroll of enchant weapon
 F - a scroll of magic mapping {unknown}
Potions
 a - 7 potions of ambrosia
 c - 3 potions of might
 d - a potion of invisibility
 h - a potion of haste
 i - a potion of magic {unknown}
 j - a potion of heal wounds
 o - 5 potions of curing
 t - 2 potions of cancellation
 u - 2 potions of resistance
 B - 3 potions of brilliance
 D - 2 potions of berserk rage {!q}
 J - 2 potions of flight {unknown}

Dungeon Overview and Level Annotations

Branches:
Dungeon (11/15)            Temple (1/1) D:5            Lair (6/6) D:8
  Swamp (0/4) Lair:2        Snake (0/4) Lair:2          Orc (0/2) D:9
  Slime: Lair:5-6

Altars:
Ashenzari
Cheibriados
Dithmenos
Elyvilon
Fedhas
Gozag
Hepliaklqana
Kikubaaqudgha
Makhleb
Nemelex Xobeh
Okawaru
Qazlal
Ru
Sif Muna
Trog
Uskayaw
Vehumet
Wu Jian
Xom
Yredelemnul
Zin
The Shining One

Shops:
D:4 =

Annotations:
D:3 3 runed translucent doors, tardwrangler69's ghost, amateur MfGl
D:6 Eustachio
Lair:1 2 transporters
Lair:4 exclusion: oklob plant
Lair:5 exclusion: oklob plant

..)....<.F..............
........................
.........P#......<...?..
..........##............
..........#.............
..k......##.............
......?.......Y.........
.$........#...kD........
........@........
..P#.........P... .
#.............
#....?........
...............
...P............
#.PPPP#...####..#
#########.# #.


You could see an eight-headed hydra, a lindwurm (catching breath) and a yak.


Message History

The eight-headed hydra bites you but does no damage. x3
The eight-headed hydra completely misses you.
You block the eight-headed hydra's attack.
The eight-headed hydra bites you.
The eight-headed hydra bites you but does no damage.
You take 15 damage, and have 92/124 hp.
You stomp with the beat, sending a shockwave through the revellers around you!
You can no longer pass through a line of other dancers.
The eight-headed hydra barely misses you.
The eight-headed hydra bites you.
You block the eight-headed hydra's attack.
The eight-headed hydra completely misses you.
The eight-headed hydra bites you but does no damage.
The eight-headed hydra bites you.
The eight-headed hydra bites you but does no damage.
The eight-headed hydra barely misses you.
You can now pass through a line of other dancers.
You take 9 damage, and have 83/124 hp.
You now have 17/20 mp.
The eight-headed hydra appears confused.
You can no longer pass through a line of other dancers.
You regained 2 hp, and now have 85/124 hp.
You now have 13/20 mp.
You stomp with the beat, sending a shockwave through the revellers around you!
You can no longer stomp with the beat.
The lindwurm roars!
You hear a bellow!
You now have 10/20 mp.
The eight-headed hydra seems less confused.
The eight-headed hydra bites you.
The eight-headed hydra closely misses you.
You block the eight-headed hydra's attack.
The eight-headed hydra closely misses you.
The eight-headed hydra bites you!
You block the eight-headed hydra's attack.
The eight-headed hydra closely misses you.
The eight-headed hydra bites you.
You take 18 damage, and have 68/124 hp.
You hit the eight-headed hydra.
You block the eight-headed hydra's attack.
The eight-headed hydra barely misses you.
The eight-headed hydra bites you but does no damage. x2
The eight-headed hydra barely misses you.
The eight-headed hydra bites you! The eight-headed hydra misses you.
The eight-headed hydra bites you.
You can now stomp with the beat.
You take 16 damage, and have 52/124 hp.
You stomp with the beat, sending a shockwave through the revellers around you!
You can no longer stomp with the beat.
The eight-headed hydra barely misses you.
You block the eight-headed hydra's attack. x2
The eight-headed hydra bites you.
The eight-headed hydra bites you but does no damage.
The eight-headed hydra bites you. x2
The eight-headed hydra bites you but does no damage.
You take 10 damage, and have 42/124 hp.
You now have 8/20 mp.
Okay, then.
Unknown command.
You hit the eight-headed hydra. You hit the eight-headed hydra.
The eight-headed hydra closely misses you. x3
You block the eight-headed hydra's attack. x3
The eight-headed hydra closely misses you.
The eight-headed hydra bites you but does no damage.
You puncture the eight-headed hydra!
You block the eight-headed hydra's attack.
The eight-headed hydra closely misses you.
The eight-headed hydra bites you.
You block the eight-headed hydra's attack. x2
The eight-headed hydra bites you. The eight-headed hydra bites you!
* * * LOW HITPOINT WARNING * * *
The eight-headed hydra bites you but does no damage.
You can now stomp with the beat.
You take 13 damage, and have 31/124 hp.
You stomp with the beat, sending a shockwave through the revellers around you!
You can no longer stomp with the beat.
A blink frog comes into view.
You block the eight-headed hydra's attack. x2
The eight-headed hydra closely misses you. x2
You block the eight-headed hydra's attack.
The eight-headed hydra closely misses you.
The eight-headed hydra bites you.
* * * LOW HITPOINT WARNING * * *
The eight-headed hydra bites you.
* * * LOW HITPOINT WARNING * * *
You take 7 damage, and have 24/124 hp.
You now have 5/20 mp.
You completely miss the eight-headed hydra.
The blink frog gives a loud, deep croak!
You hear a croak.
A blink frog comes into view.
The lindwurm breathes flames at you. The blast of flame hits you!! You resist.
* * * LOW HITPOINT WARNING * * *
You take 20 damage, and have 6/124 hp.
The eight-headed hydra barely misses you.
You block the eight-headed hydra's attack.
The eight-headed hydra barely misses you.
You block the eight-headed hydra's attack.
The eight-headed hydra closely misses you.
You block the eight-headed hydra's attack.
The eight-headed hydra bites you!
You die...

Skill      XL: |  1  2  3  4  5  6  7  8  9 10 11 12 13 |
---------------+----------------------------------------+-----
Unarmed Combat | 3 4 5 6 7 9 11 13 14 15 | 15.0
Shields        | 3 4 5 6 7 8 9 |  9.0
Invocations    | 2 6 9 10 | 10.7
Fighting       | 4 6 7 |  7.4
Dodging        | |  2.4

Action                   |  1- 3 |  4- 6 |  7- 9 | 10-12 | 13-15 || total
-------------------------+-------+-------+-------+-------+-------++-------
Melee: Unarmed           |    86 |   111 |   251 |   739 |   121 ||  1308
       Dagger            |       |       |       |    18 |    19 ||    37
Throw: Stone             |    14 |    28 |    24 |     2 |       ||    68
       Boomerang         |       |       |       |    47 |    13 ||    60
Invok: Stomp             |       |       |       |    12 |     8 ||    20
       Line Pass         |       |       |       |     4 |     2 ||     6
       Grand Finale      |       |       |       |     1 |     1 ||     2
Evoke: Wand              |       |     1 |     2 |     2 |       ||     5
  Use: Scroll            |       |     1 |    10 |    15 |       ||    26
       Potion            |       |       |     1 |     3 |       ||     4
 Stab: Sleeping          |       |       |     1 |       |       ||     1
       Paralysed         |       |       |       |    31 |    13 ||    44
       Confused          |       |       |       |     2 |       ||     2
Armor: Robe              |    25 |    38 |    75 |    16 |       ||   154
       Steam dragon scal |       |       |       |   291 |    48 ||   339
Dodge: Dodged            |    20 |    36 |    54 |   271 |    70 ||   451
Block: Kite shield       |    25 |    38 |   123 |   413 |    77 ||   676

Levels and vault maps discovered:
D:1:      lightli_arrival_farm, layout_basic, serial_glass, glass_columns_a,
          glass_columns_a, glass_columns_a, glass_columns_b,
          shapermc_ecumenical_altar_starsandcircs, serial_bayou_pond_c,
          minmay_pentomino_p2
D:2:      layout_basic, chequers_serial_rivers_room_b
D:3:      layout_loops_ring, kennysheep_slug_shrine,
          nicolae_yredelemnul_ghost_church, serial_bayou_lagoon_a,
          minmay_surrounded, uniq_jessica, uniq_robin
D:4:      layout_rooms, minitemple, minmay_shop_enchanted_jewellery
D:5:      layout_rooms, marbit_many_paths, minmay_temple_entry_large_hall,
          uniq_prince_ribbit1, uniq_duvessa
D:6:      layout_gridville, uniq_eustachio, uniq_sigmund
D:7:      layout_basic, old_standard_altar, kennysheep_nub
D:8:      minmay_bloctagon, layout_basic, lair_entry_dummy,
          grunt_decor_arrowhead
D:9:      lemuel_ice_spiral_2, layout_basic, amcnicky_altar_gilded,
          lemuel_tele_altar
D:10:     layout_basic, uniq_nergalle
D:11:     layout_loops_ring, serial_rivers, chequers_serial_rivers_large_a,
          chequers_serial_rivers_micro_d, chequers_serial_rivers_small_b,
          chequers_serial_rivers_small_a, nicolae_sif_muna_little_library
Temple:   nicolae_temple_hex_pool
Lair:1:   gammafunk_boulding_lane, layout_hall_layers, serial_bayou_shore_a
Lair:2:   layout_roguey, minmay_swamp_entry_reptiles,
          minmay_snake_entry_six_corridors, portal_ice_cave_demonic_guard
Lair:3:   layout_hall_layers, special_room [special_room_bee],
          beast_lair_carwin_5, lemuel_fruit_fields, grunt_megastairs_2,
          lemuel_fruit_fields
Lair:4:   layout_small_grid, minmay_lair_oklob_chamber, lemuel_fruit_tree,
          serial_bayou_shore_b, infiniplex_staircase_pool_2,
          lemuel_fruit_fields, grunt_megastairs_4
Lair:5:   layout_gridlike, minmay_slime_entry_oklob_enclosed,
          infiniplex_staircase_pool
Lair:6:   evil_forest, layout_long_grid, basic_altar

Notes
Turn   | Place    | Note
-------+----------+-------------------------------------------
     0 | D:1      | cobaltphoenix the Troll Fighter began the quest for the
                  | Orb.
     0 | D:1      | Reached XP level 1. HP: 22/22 MP: 0/0
   182 | D:1      | Found a faded altar of an unknown god.
   245 | D:1      | Reached XP level 2. HP: 29/29 MP: 1/1
   580 | D:1      | Reached skill level 3 in Unarmed Combat
   890 | D:2      | Reached XP level 3. HP: 18/36 MP: 2/2
  1075 | D:2      | Reached skill level 3 in Shields
  1147 | D:2      | Reached XP level 4. HP: 41/44 MP: 3/3
  1257 | D:2      | Reached skill level 4 in Unarmed Combat
  1604 | D:3      | Noticed Jessica
  1610 | D:3      | Killed Jessica
  1699 | D:3      | Reached XP level 5. HP: 50/50 MP: 4/4
  1842 | D:3      | Noticed Robin
  1847 | D:3      | Killed Robin
  2042 | D:3      | Found a runed translucent gate.
  2042 | D:3      | Found a runed translucent gate.
  2042 | D:3      | Found a runed translucent gate.
  2042 | D:3      | Noticed tardwrangler69's ghost (amateur MfGl)
  2044 | D:3      | Found a basalt altar of Yredelemnul.
  2196 | D:3      | Found a snail-covered altar of Cheibriados.
  2329 | D:4      | Noticed a necrophage
  2342 | D:4      | Killed a necrophage
  2343 | D:4      | Reached skill level 5 in Unarmed Combat
  2343 | D:4      | Reached XP level 6. HP: 49/59 MP: 5/5
  2371 | D:4      | Reached skill level 4 in Shields
  2378 | D:4      | Found Fanutz's Jewellery Shop.
  2475 | D:4      | Identified the +1 ring mail of Resourcefulness {Int+5}
  2527 | D:4      | Reached skill level 6 in Unarmed Combat
  2600 | D:4      | Reached XP level 7. HP: 58/66 MP: 6/6
  2614 | D:4      | Found a sacrificial altar of Ru.
  2615 | D:4      | Found a radiant altar of Vehumet.
  2622 | D:4      | Found a burning altar of Makhleb.
  2627 | D:4      | Found a broken altar of Ashenzari.
  2908 | D:5      | Entered Level 5 of the Dungeon
  3028 | D:5      | Reached skill level 7 in Unarmed Combat
  3062 | D:5      | Noticed Prince Ribbit
  3087 | D:5      | Killed Prince Ribbit
  3088 | D:5      | Reached skill level 5 in Shields
  3094 | D:5      | Reached XP level 8. HP: 73/74 MP: 7/7
  3103 | D:5      | Noticed Dowan
  3137 | D:5      | Killed Dowan
  3138 | D:5      | Reached skill level 8 in Unarmed Combat
  3212 | D:5      | Noticed Duvessa
  3221 | D:5      | Killed Duvessa
  3254 | D:5      | Found a staircase to the Ecumenical Temple.
  3263 | Temple   | Entered the Ecumenical Temple
  3449 | D:5      | Reached skill level 9 in Unarmed Combat
  3615 | D:5      | Found a sparkling altar of Nemelex Xobeh.
  3754 | D:6      | Noticed Eustachio
  3824 | D:6      | Reached skill level 6 in Shields
  3912 | D:6      | Noticed Sigmund
  4180 | D:6      | Reached XP level 9. HP: 75/80 MP: 8/8
  4307 | D:6      | Reached skill level 10 in Unarmed Combat
  4387 | D:6      | Killed Sigmund
  4761 | D:7      | Found a glowing silver altar of Zin.
  5607 | D:8      | Reached skill level 11 in Unarmed Combat
  5611 | D:8      | Reached skill level 7 in Shields
  5635 | D:8      | Noticed a boulder beetle
  5641 | D:8      | Noticed a two-headed ogre
  5650 | D:8      | Killed a two-headed ogre
  5651 | D:8      | Reached XP level 10. HP: 46/88 MP: 9/9
  5666 | D:8      | HP: 22/88 [boulder beetle (15)]
  5678 | D:8      | Killed a boulder beetle
  5679 | D:8      | Reached skill level 12 in Unarmed Combat
  6013 | D:8      | Reached skill level 8 in Shields
  6344 | D:8      | Found a staircase to the Lair.
  6485 | D:9      | Identified 2 scrolls of acquirement
  6485 | D:9      | Acquired 438 gold pieces
  6487 | D:9      | Acquired the +0 hat of Imicun {Contam Fly rElec rPois}
  6803 | D:9      | Found a hide-covered altar of Uskayaw.
  6869 | D:9      | Became a worshipper of Uskayaw the Reveller
  6938 | D:9      | Reached * piety under Uskayaw
  6941 | D:9      | Reached ** piety under Uskayaw
  6943 | D:9      | Reached *** piety under Uskayaw
  6947 | D:9      | Reached skill level 13 in Unarmed Combat
  6947 | D:9      | Reached **** piety under Uskayaw
  6950 | D:9      | Reached ***** piety under Uskayaw
  6964 | D:9      | Found a shimmering blue altar of Sif Muna.
  7172 | D:9      | Reached skill level 1 in Invocations
  7470 | D:9      | Found a staircase to the Orcish Mines.
  7586 | D:10     | Entered Level 10 of the Dungeon
  7843 | D:10     | Reached skill level 2 in Invocations
  7846 | D:10     | Reached XP level 11. HP: 94/96 MP: 11/11
  7853 | D:10     | Reached skill level 3 in Fighting
  8038 | D:10     | Noticed Nergalle
  8052 | D:10     | Killed Nergalle
  8166 | D:10     | Reached skill level 3 in Invocations
  8635 | D:11     | Noticed a boulder beetle
  8655 | D:11     | Killed a boulder beetle
  8656 | D:11     | Reached skill level 4 in Invocations
  8690 | D:11     | Reached skill level 9 in Shields
  8692 | D:11     | Reached ****** piety under Uskayaw
  8693 | D:11     | Reached skill level 4 in Fighting
  8842 | D:11     | Reached skill level 5 in Invocations
  9244 | D:11     | Found a shimmering blue altar of Sif Muna.
  9453 | Lair:1   | Entered Level 1 of the Lair of Beasts
  9531 | Lair:1   | Reached skill level 6 in Invocations
  9676 | Lair:1   | Found a transporter.
  9696 | Lair:1   | Reached XP level 12. HP: 110/110 MP: 15/15
 10007 | Lair:1   | Noticed a boulder beetle
 10008 | Lair:1   | Found a transporter.
 10031 | Lair:1   | Reached skill level 5 in Fighting
 10118 | Lair:2   | Reached skill level 14 in Unarmed Combat
 10144 | Lair:2   | Reached skill level 7 in Invocations
 10164 | Lair:2   | Found a staircase to the Snake Pit.
 10166 | Lair:2   | Found a staircase to the Swamp.
 10340 | Lair:2   | Identified the Papyrus of Earthen Unholy Magic
 10538 | Lair:2   | Reached skill level 8 in Invocations
 10801 | Lair:2   | Reached skill level 6 in Fighting
 11495 | Lair:3   | Reached skill level 9 in Invocations
 11882 | Lair:3   | Noticed a four-headed hydra
 12267 | Lair:3   | Killed a five-headed hydra
 12269 | Lair:3   | HP: 19/115 [cane toad (17)]
 12271 | Lair:3   | HP: 1/115 [cane toad (20)]
 12693 | Lair:4   | Noticed a death yak
 12696 | Lair:4   | Killed a death yak
 12764 | Lair:4   | Noticed a boulder beetle
 12768 | Lair:4   | Reached XP level 13. HP: 122/123 MP: 19/19
 13037 | Lair:4   | Reached skill level 10 in Invocations
 13124 | Lair:4   | Reached skill level 7 in Fighting
 14066 | Lair:5   | Reached skill level 15 in Unarmed Combat
 14309 | Lair:6   | Entered Level 6 of the Lair of Beasts
 14387 | Lair:6   | HP: 31/124 [eight-headed hydra (12)]
 14391 | Lair:6   | HP: 6/124 [lindwurm/blast of flame (22)]
 14392 | Lair:6   | Slain by an eight-headed hydra

Vanquished Creatures
  3 boulder beetles
  2 hydras
  A two-headed ogre (D:8)
  A death yak (Lair:4)
  Nergalle (D:10)
  6 elephants (Lair:5)
  7 black mambas
  A gargoyle (D:11)
  11 cane toads
  A rime drake (Lair:5)
  2 ice devils (Lair:2)
  4 komodo dragons
  A troll (D:10)
  A queen bee (Lair:3)
  A polar bear (Lair:4)
  Prince Ribbit (D:5)
  A hornet (Lair:4)
  8 blink frogs
  5 slime creatures (D:11)
  A dream sheep (Lair:4)
  Sigmund (D:6)
  2 vampires
  7 basilisks
  20 yaks
  5 wyverns
  2 steam dragons (D:8)
  23 water moccasins
  Duvessa (D:5)
  3 sky beasts
  A swamp drake (Lair:2)
  5 orc warriors
  An ice beast (D:8)
  2 black bears (D:4)
  2 necrophages
  2 ogres
  13 wolves
  12 centaurs
  A phantom (D:5)
  2 kobold brigands
  19 bullfrogs
  2 gnoll sergeants
  2 scorpions
  A water moccasin zombie (D:5)
  Dowan (D:5)
  29 killer bees
  2 electric eels
  5 howler monkeys
  6 centaur zombies
  A bullfrog zombie (D:6)
  3 hounds
  A bullfrog skeleton (D:6)
  2 centaur skeletons
  2 gnoll shamans
  10 orc priests
  Jessica (D:3)
  An iguana (D:5)
  7 orc wizards
  2 scorpion zombies
  A hound zombie (D:3)
  Robin (D:3)
  A howler monkey zombie (D:6)
  18 gnolls
  2 howler monkey skeletons (D:7)
  8 adders
  A shadow imp (D:6)
  A white imp (D:8)
  An ufetubus (D:6)
  2 worms
  4 dart slugs
  24 orcs
  5 ball pythons
  5 bats
  10 endoplasms
  2 giant cockroaches
  8 goblins
  4 hobgoblins
  2 quokkas
  4 frilled lizards
  16 kobolds
  6 rats
387 creatures vanquished.

Vanquished Creatures (others)
  A killer bee (D:11)
  6 fungi
  47 plants
54 creatures vanquished.

Grand Total: 441 creatures vanquished

Table legend: (Time is in decaauts)
 A = Elapsed time spent in this place.
 B = Non-inter-level travel time spent in this place.
 C = Inter-level travel time spent in this place.
 D = Time resting spent in this place.
 E = Time spent auto-exploring this place.
 F = Levels seen in this place.
 G = Mean time per level.
                   A        B        C        D        E       F      G
               +--------+--------+--------+--------+--------+-----+--------+
         Total |  14266 |  13277 |    989 |   1042 |   7757 |  18 |  792.6 |
       Dungeon |   9547 |   8902 |    645 |    712 |   5258 |  11 |  867.9 |
        Temple |     91 |     91 |      0 |      0 |     71 |   1 |   91.0 |
          Lair |   4626 |   4282 |    344 |    330 |   2428 |   6 |  771.0 |
               +--------+--------+--------+--------+--------+-----+--------+

Top non-repeatable levels by time:
  Lair:3: 1259 daAuts
     D:8: 1116 daAuts
     D:9: 1067 daAuts
    D:11: 1002 daAuts
     D:6: 954 daAuts
  Lair:4: 902 daAuts
  Lair:2: 896 daAuts
     D:7: 892 daAuts
  Lair:5: 837 daAuts
     D:2: 803 daAuts
     D:1: 797 daAuts
     D:3: 789 daAuts
     D:5: 766 daAuts
    D:10: 750 daAuts
  Lair:1: 706 daAuts

Table legend:
 A = Non-vault XP
 B = Vault XP
 C = Vault XP percentage of total XP
 D = Non-vault monster count
 E = Vault monster count
 F = Vault count percentage of total count
                 A         B        C        D         E       F
            +---------+---------+-------+---------+---------+-------
      Total |   35607 |   14075 |  28.3 |     303 |      85 |  21.9
            +---------+---------+-------+---------+---------+-------
        D:1 |      28 |       3 |   9.7 |      15 |       2 |  11.8
        D:2 |     116 |       0 |   0.0 |      25 |       0 |   0.0
        D:3 |      16 |     121 |  88.3 |      11 |      10 |  47.6
        D:4 |     527 |       0 |   0.0 |      12 |       0 |   0.0
        D:5 |    1024 |     514 |  33.4 |      21 |       4 |  16.0
        D:6 |     674 |     227 |  25.2 |      16 |       1 |   5.9
        D:7 |     717 |       0 |   0.0 |      13 |       0 |   0.0
        D:8 |     884 |    3317 |  79.0 |      29 |      16 |  35.6
        D:9 |    1996 |       0 |   0.0 |      25 |       0 |   0.0
       D:10 |    1799 |     800 |  30.8 |      17 |       1 |   5.6
       D:11 |    5381 |       0 |   0.0 |      30 |       0 |   0.0
     Lair:1 |    4107 |       0 |   0.0 |      19 |       0 |   0.0
     Lair:2 |    4021 |    4374 |  52.1 |      24 |      23 |  48.9
     Lair:3 |    1900 |    3206 |  62.8 |       6 |      24 |  80.0
     Lair:4 |    5721 |    1513 |  20.9 |      19 |       4 |  17.4
     Lair:5 |    6507 |       0 |   0.0 |      20 |       0 |   0.0
     Lair:6 |     189 |       0 |   0.0 |       1 |       0 |   0.0
            +---------+---------+-------+---------+---------+-------
